 Dungeon Crawl Stone Soup version 0.27.0-1-g7a089689b8 (webtiles) character file.

Game seed: 10349365010576671539

11658 Amplified the Fighter (level 12, -10/96 HPs)
             Began as a Human Ice Elementalist on Aug 3, 2021.
             Was an Elder of Sif Muna.
             Mangled by a seven-headed hydra (13 damage)
             ... on level 1 of the Lair of Beasts.
             The game lasted 00:24:42 (15069 turns).

Amplified the Fighter (Human Ice Elementalist)     Turns: 15069, Time: 00:24:43

Health: -10/96     AC:  9    Str: 10    XL:     12   Next: 10%
Magic:  23/23      EV: 14    Int: 18    God:    Sif Muna [****..]
Gold:   847        SH:  0    Dex: 15    Spells: 15/26 levels left

rFire    . . .     SeeInvis .   c - +2 dagger (elec)
rCold    . . .     Faith    .   (no shield)
rNeg     . . .     Spirit   .   a - +2 robe
rPois    .         Reflect  .   v - +2 helmet
rElec    .         Harm     .   s - +1 cloak
rCorr    .         Rampage  .   (no gloves)
Will     .....                  (no boots)
Stlth    ++........             e - amulet of magic regeneration
HPRegen  0.26/turn              (no ring)
MPRegen  0.43/turn              (no ring)

@: about to teleport
A: no striking features
a: Renounce Religion, Channel Magic, Forget Spell, Divine Exegesis


You were on level 1 of the Lair of Beasts.
You worshipped Sif Muna.
Sif Muna was greatly pleased with you.
You visited 2 branches of the dungeon, and saw 14 of its levels.

You collected 847 gold pieces.

Inventory:

Hand Weapons
 c - a +2 dagger of electrocution (weapon)
 l - a +2 dagger of venom
Missiles
 f - a throwing net
 j - 73 poisoned darts
Armour
 a - a +2 robe (worn)
 k - a +0 robe of fire resistance
 s - a +1 cloak (worn)
 v - a +2 helmet (worn)
Magical Staves
 x - a staff of earth
Jewellery
 e - an amulet of magic regeneration (around neck)
 m - an amulet of the acrobat
 p - an amulet of guardian spirit
 F - an amulet of reflection
Wands
 g - a wand of iceblast (5)
 i - a wand of polymorph (11)
 o - a wand of flame (25)
 B - a wand of paralysis (7)
 C - a wand of charming (3)
Scrolls
 b - 2 scrolls of amnesia
 h - 2 scrolls of teleportation
 u - 4 scrolls of torment
 w - a scroll of summoning
 y - a scroll of vulnerability
Potions
 d - a potion of mutation
 n - 2 potions of curing
 q - a potion of lignification
 r - a potion of cancellation
 t - 2 potions of attraction
 z - 2 potions of haste
 A - a potion of magic
 D - a potion of flight
 E - a potion of might {unknown}


   Skills:
 * Level 9.4 Fighting
 * Level 8.6 Short Blades
 * Level 4.2 Armour
 * Level 4.8 Dodging
 - Level 2.0 Stealth
 - Level 7.9 Spellcasting
 - Level 9.3 Ice Magic


You had 15 spell levels left.
You knew the following spells:

 Your Spells              Type           Power      Damage    Failure   Level
a - Freeze                Ice            100%       1d11      1%          1
b - Frozen Ramparts       Ice            80%        1d10      1%          3
c - Ensorcelled Hibernat  Hex/Ice        46%        N/A       2%          2
d - Ozocubu's Armour      Ice            40%        N/A       1%          3
e - Static Discharge      Conj/Air       7%         N/A       16%         2

Your spell library contained the following spells:

 Spells                   Type           Power      Damage    Failure   Level
 Corona                   Hex            7%         N/A       10%         1
 Hailstorm                Conj/Ice       23%        3d7       14%         4
 Blink                    Tloc           N/A        N/A       16%         2
 Lesser Beckoning         Tloc           3%         N/A       30%         3
 Tukima's Dance           Hex            7%         N/A       30%         3
 Dispel Undead            Necr           7%         3d8       69%         4
 Sticky Flame             Conj/Fire      7%         2d3       69%         4
 Manifold Assault         Tloc           7%         N/A       95%         5


Dungeon Overview and Level Annotations

Branches:
Dungeon (13/15)            Temple (0/1) D:7            Lair (1/6) D:11
    Orc (0/2) D:12
 Vaults: D:13-14

Altars:
Ashenzari
Dithmenos
Gozag
Hepliaklqana
Nemelex Xobeh
Okawaru
Ru
Sif Muna
Vehumet
Zin

Shops:
D:8 (

Annotations:
D:11 3 runed translucent doors, exclusion: orange crystal statue


Message History

The wall freezes the cane toad!
The cane toad stings you but does no damage.
You hit the cane toad.
Lightning courses through the cane toad!!
You kill the cane toad!
Sif Muna accepts your kill.
No target in view!
No target in view!
The frozen ramparts melt away.
A seven-headed hydra comes into view.
The seven-headed hydra roars!
You hear a roar!
A bullfrog comes into view.
The seven-headed hydra moves out of view.
A six-headed hydra comes into view.
The six-headed hydra roars!
There are monsters nearby!
Found a sedimented green potion.
There are monsters nearby!
There are monsters nearby!
The bullfrog gives a loud, deep croak!
You hit the seven-headed hydra.
The seven-headed hydra is lightly wounded.
The seven-headed hydra bites you but does no damage. x2
The seven-headed hydra bites you! x4; The seven-headed hydra bites you.
Unknown command.
Unknown command.
Okay, then.
As you read the scroll of teleportation, it crumbles to dust.
You feel strangely unstable. The six-headed hydra bites you.
The six-headed hydra bites you! The six-headed hydra bites you.
The six-headed hydra bites you! x2
* * * LOW HITPOINT WARNING * * *
The six-headed hydra bites you.
* * * LOW HITPOINT WARNING * * *
The seven-headed hydra bites you.
* * * LOW HITPOINT WARNING * * *
The seven-headed hydra bites you!
* * * LOW HITPOINT WARNING * * *
The seven-headed hydra bites you!
You die...

...........#.#.....
..#......#.8.....# ..#
..#..##....†.### ...#.
.†...###.......## .....
.#...##.........## ......
.#.....^.........##......
...#....##...##...#.....#
...#...###.8..#....#
..#....# #...###@D.##
..#...##...... ##D..#
...> 8###..>.. #8F>...#
#.... #...#..# ...##.P..
...# F.. ..... .. ..
.!##. ... ..# ..


You could see a seven-headed hydra, a six-headed hydra and a bullfrog.

Vanquished Creatures
  A hydra (D:12)
  A two-headed ogre (D:11)
  Pikel (D:6)
  A cyclops (D:10)
  Joseph (D:8)
  A cane toad (Lair:1)
  A gargoyle (D:11)
  An unseen horror (D:12)
  A komodo dragon (Lair:1)
  A hornet (D:6)
  Sigmund (D:6)
  A wraith (D:12)
  3 vampires
  12 yaks
  2 steam dragons (D:9)
  3 wargs (D:11)
  A water moccasin (Lair:1)
  2 orc warriors
  A sky beast (D:8)
  A necrophage (D:6)
  2 black bears
  4 ogres
  4 wolves (Lair:1)
  4 lemures (D:6)
  4 centaurs
  A phantom (D:6)
  6 bullfrogs
  5 scorpions
  A water moccasin zombie (D:7)
  A water moccasin skeleton (D:4)
  6 killer bees
  3 wights (D:9)
  2 howler monkeys
  5 centaur zombies
  Crazy Yiuf (D:6)
  A gnoll shaman (D:6)
  7 orc priests
  A bullfrog skeleton (D:7)
  2 jellies
  Jessica (D:3)
  Ijyb (D:5)
  3 iguanas
  18 orc wizards
  A scorpion zombie (D:5)
  2 hound zombies (D:5)
  2 howler monkey zombies (D:9)
  16 gnolls
  14 adders
  A white imp (D:5)
  2 adder skeletons
  A worm (D:4)
  6 dart slugs
  59 orcs
  14 bats
  2 endoplasms (D:4)
  3 giant cockroaches
  5 goblins
  9 hobgoblins
  10 jackals
  2 quokkas
  4 ball pythons
  7 kobolds
  10 rats
290 creatures vanquished.

Vanquished Creatures (others)
  4 plants (D:5)
4 creatures vanquished.

Grand Total: 294 creatures vanquished

Notes
Turn   | Place    | Note
-------+----------+-------------------------------------------
     0 | D:1      | Amplified the Human Ice Elementalist began the quest for
                  | the Orb.
     0 | D:1      | Reached XP level 1. HP: 13/13 MP: 3/3
   116 | D:1      | Reached XP level 2. HP: 15/20 MP: 0/5
   325 | D:1      | Reached skill level 1 in Fighting
   632 | D:1      | Reached XP level 3. HP: 24/26 MP: 2/6
   636 | D:1      | Learned a level 3 spell: Frozen Ramparts
  1217 | D:2      | Learned a level 2 spell: Ensorcelled Hibernation
  1652 | D:2      | Reached XP level 4. HP: 33/33 MP: 3/7
  2521 | D:2      | Found a glowing silver altar of Zin.
  2657 | D:3      | Noticed Jessica
  2668 | D:2      | Reached XP level 5. HP: 38/38 MP: 7/9
  2675 | D:2      | Learned a level 3 spell: Ozocubu's Armour
  2718 | D:3      | Killed Jessica
  2904 | D:3      | Reached skill level 5 in Ice Magic
  3252 | D:3      | Found a shimmering blue altar of Sif Muna.
  3298 | D:3      | Reached XP level 6. HP: 44/46 MP: 7/11
  3330 | D:3      | Became a worshipper of Sif Muna the Loreminder
  4435 | D:4      | Noticed an ogre
  4448 | D:4      | Killed an ogre
  4449 | D:4      | Reached XP level 7. HP: 10/52 MP: 8/13
  4815 | D:4      | Noticed Dowan
  4816 | D:4      | Noticed Duvessa
  4818 | D:4      | Noticed Dowan
  4818 | D:4      | Dowan changed into Dowan the jelly
  4831 | D:4      | Noticed Duvessa
  4831 | D:4      | Duvessa changed into Duvessa the worm
  4838 | D:4      | Killed Duvessa the worm
  4850 | D:4      | Killed Dowan the jelly
  5035 | D:4      | Reached * piety under Sif Muna
  5098 | D:4      | Found an iron altar of Okawaru.
  5382 | D:4      | Reached skill level 1 in Short Blades
  5446 | D:5      | Entered Level 5 of the Dungeon
  5532 | D:5      | Noticed Ijyb
  5548 | D:5      | Killed Ijyb
  5676 | D:5      | Reached XP level 8. HP: 61/61 MP: 14/14
  5860 | D:5      | Found a faded altar of an unknown god.
  5861 | D:5      | Found a faded altar of an unknown god.
  5861 | D:5      | Found a hazy altar of Hepliaklqana.
  6030 | D:5      | Found a sparkling altar of Nemelex Xobeh.
  6113 | D:5      | Reached skill level 5 in Spellcasting
  6259 | D:6      | Reached skill level 5 in Fighting
  6339 | D:6      | Found a shadowy altar of Dithmenos.
  6349 | D:6      | Reached ** piety under Sif Muna
  6515 | D:6      | Noticed Pikel
  6532 | D:6      | Killed Pikel
  6533 | D:6      | Reached XP level 9. HP: 42/69 MP: 8/17
  6830 | D:6      | Noticed a hornet
  6837 | D:6      | Killed a hornet
  7019 | D:6      | Found a broken altar of Ashenzari.
  7027 | D:6      | Noticed Sigmund
  7043 | D:6      | Killed Sigmund
  7185 | D:6      | Found a runed translucent door.
  7186 | D:6      | Noticed Crazy Yiuf
  7197 | D:6      | Killed Crazy Yiuf
  7553 | D:6      | Reached skill level 5 in Short Blades
  7940 | D:7      | Reached XP level 10. HP: 54/77 MP: 16/19
  8289 | D:7      | Found a radiant altar of Vehumet.
  8368 | D:7      | Found a sacrificial altar of Ru.
  8481 | D:7      | Found a staircase to the Ecumenical Temple.
  8966 | D:8      | Reached *** piety under Sif Muna
  9026 | D:8      | Noticed Joseph
  9036 | D:8      | Killed Joseph
  9248 | D:8      | Found Muty's Weapon Boutique.
  9715 | D:9      | Reached XP level 11. HP: 47/86 MP: 16/22
 11353 | D:9      | You fall into a shaft and drop 2 floors!
 11386 | D:10     | Entered Level 10 of the Dungeon
 11431 | D:10     | Reached skill level 1 in Armour
 11476 | D:10     | Noticed a cyclops
 11739 | D:9      | Found an opulent altar of Gozag.
 11988 | D:10     | Killed a cyclops
 12409 | D:10     | You fall into a shaft and drop 2 floors!
 12496 | D:12     | Learned a level 2 spell: Static Discharge
 12598 | D:13     | Noticed a cyclops
 12782 | D:13     | Noticed a green ugly thing
 13087 | D:12     | Noticed a five-headed hydra
 13096 | D:12     | Reached **** piety under Sif Muna
 13106 | D:12     | Killed a five-headed hydra
 13222 | D:12     | Found a staircase to the Orcish Mines.
 13751 | D:11     | Noticed a two-headed ogre
 13763 | D:11     | Killed a two-headed ogre
 13894 | D:11     | Found a runed translucent door.
 13928 | D:11     | Found a runed translucent door.
 13942 | D:11     | Found a runed translucent door.
 13956 | D:11     | Found a runed translucent door.
 14021 | D:11     | Found a staircase to the Lair.
 14707 | D:11     | Noticed an orange crystal statue
 14715 | D:11     | Noticed a cyclops
 14722 | D:11     | Noticed a six-headed hydra
 14768 | Lair:1   | Entered Level 1 of the Lair of Beasts
 14857 | Lair:1   | Reached XP level 12. HP: 70/95 MP: 18/23
 15063 | Lair:1   | Noticed a seven-headed hydra
 15064 | Lair:1   | Noticed a six-headed hydra
 15069 | Lair:1   | HP: 3/96 [seven-headed hydra (8)]
 15069 | Lair:1   | Mangled by a seven-headed hydra

Illustrated notes

Levels and vault maps discovered:
D:1:      minmay_arrival_jagged, layout_loops_ring
D:2:      layout_basic, basic_altar, nrook_mini_backslash
D:3:      layout_basic, nicolae_sif_muna_little_library, uniq_jessica
D:4:      layout_gridville, mainiacjoe_overflow_alcove_1, uniq_duvessa
D:5:      layout_rooms, nicolae_hepliaklqana_ecumenical_no_more,
          nemelex_diamond_rough_becter, minmay_misc_feat_tower, uniq_ijyb
D:6:      layout_loops_ring, nicolae_dithmenos_shadow_blocks,
          nicolae_overflow_crystal_walls, uniq_crazy_yiuf_cottage, uniq_sigmund,
          uniq_pikel
D:7:      layout_loops_ring, lemuel_tele_altar, nicolae_ru_awakened_eye,
          minmay_temple_entry_nine_rooms
D:8:      layout_rooms, serial_shops, shop, chequers_serial_rivers_small_b,
          roderic_batcave, nicolae_two_hexagons, grunt_ministairs_3,
          minmay_misc_feat_hallway, nzn_life_drinkers, uniq_joseph
D:9:      layout_loops_ring, kennysheep_little_box, minmay_increasing_density
D:10:     layout_loops_ring, marbit_many_paths,
          chequers_temple_overflow_minitemple, lightli_minifort
D:11:     layout_loops_corners, erik_lair_orcish_takeover,
          minmay_statue_crystal_thing
D:12:     layout_stronghold, hiddenorc2_lemuel
D:13:     layout_rooms, serial_shops, nicolae_shop_overgrown_old_shop
Lair:1:   layout_gridlike, minmay_shattered_shrine, grunt_megastairs_5

Skill      XL: |  1  2  3  4  5  6  7  8  9 10 11 12 |
---------------+-------------------------------------+-----
Fighting       | 1 2 3 4 5 6 8 9 |  9.4
Spellcasting   | 3 4 5 6 7 |  7.9
Ice Magic      | 5 6 7 9 |  9.3
Short Blades   | 1 4 5 6 8 |  8.6
Armour         | 3 4 |  4.2
Dodging        | 4 |  4.8
Stealth        | |  2.0

Action                   |  1- 3 |  4- 6 |  7- 9 | 10-12 || total
-------------------------+-------+-------+-------+-------++-------
Melee: Unarmed           |    42 |     3 |       |       ||    45
       Short sword       |       |   147 |    13 |       ||   160
       Dagger            |       |       |   213 |   378 ||   591
 Cast: Freeze            |    36 |     5 |       |     1 ||    42
       Frozen Ramparts   |     2 |    13 |    28 |    46 ||    89
       Ensorcelled Hiber |       |     4 |     3 |       ||     7
       Ozocubu's Armour  |       |     1 |    14 |    25 ||    40
Evoke: Wand              |       |       |    10 |    13 ||    23
  Use: Scroll            |     1 |     5 |     8 |    22 ||    36
       Potion            |       |     1 |     1 |     7 ||     9
 Stab: Sleeping          |     1 |     7 |       |     2 ||    10
       Paralysed         |       |       |       |     3 ||     3
Armor: Robe              |    17 |    47 |    67 |   163 ||   294
       Skin              |       |       |     4 |    52 ||    56
Dodge: Dodged            |    44 |   115 |   114 |   213 ||   486
